 Dungeon Crawl Stone Soup version 0.31-a0-142-g31f6795574 (webtiles) character file.

Game seed: 3277667686442279930

60 holysushi the Chopper (level 3, 0/40 HPs)
             Began as a Demonspawn Gladiator on June 4, 2023.
             Slain by a gnoll
             ... wielding a +0 halberd
              (2 damage)
             ... on level 2 of the Dungeon.
             The game lasted 00:01:07 (1462 turns).

holysushi the Chopper (Demonspawn Gladiator)        Turns: 1462, Time: 00:01:08

Health: 0/40       AC: 21    Str: 16    XL:     3   Next: 80%
Magic:  3/3        EV:  2    Int:  9    God:
Gold:   100        SH:  4    Dex: 12    Spells: 2/2 levels left

rFire   . . .        a - +0 war axe
rCold   . . .        (no shield)
rNeg    . . .        j - melded +0 ring mail
rPois   +            c - melded +0 helmet
rElec   .            (cloak currently unavailable)
rCorr   .            (gloves currently unavailable)
SInv    .            g - melded +0 pair of boots
Will    .....        (no amulet)
Stlth   +            (no ring)
HPRegen 0.26/turn    (no ring)
MPRegen 0.08/turn

%: no passive effects
@: tree-form
A: stationary, stasis, torment immunity, boosted hp, (sanguine armour 1),
condensation shield, (large bone plates 1), clumsy 1, evolution 1
a: no special abilities


You were on level 2 of the Dungeon.
You were a tree.
You visited 1 branch of the dungeon, and saw 3 of its levels.

You collected 100 gold pieces.

Inventory:

Hand Weapons
 a - a +0 war axe (weapon)
Missiles
 d - 3 throwing nets (quivered)
 e - a javelin
Armour
 b - a +0 leather armour
 c - a +0 helmet (melded)
 g - a +0 pair of boots (melded)
 j - a +0 ring mail (melded)
Scrolls
 f - 2 scrolls of identify {unknown}
 i - a scroll of enchant weapon {unknown}
 k - 2 scrolls of poison {unknown}
 l - a scroll of noise {unknown}
 m - a scroll of teleportation {unknown}
 o - 2 scrolls of fear {unknown}
 p - a scroll of blinking {unknown}
 q - a scroll of enchant armour {unknown}
 r - a scroll of amnesia {unknown}
 t - a scroll of vulnerability {unknown}
Potions
 h - a potion of mutation
 s - a potion of enlightenment {unknown}


   Skills:
 - Level 2.0 Fighting
 + Level 4.3 Axes
 - Level 1.7 Throwing
 - Level 2.6 Dodging


You had 2 spell levels left.
You didn't know any spells.
Your spell library contained the following spells:

 Spells                   Type           Power      Damage    Failure   Level
 Magic Dart               Conj           0%         1d3       38%         1
 Searing Ray              Conj           0%         2d4       52%         2
 Fulminant Prism          Conj/Hex       0%         3d5       99%         4


Dungeon Overview and Level Annotations

Branches:
Dungeon (3/15) Zot: 16506

Altars:


Innate Abilities, Weirdness & Mutations

You are a tree.
Your roots penetrate the ground, keeping you stationary.
You cannot be teleported.
You are immune to unholy pain and torment.
Your maximum health is greatly increased.
Your equipment is partially melded.
((When seriously injured, your blood forms armour. (AC +0)))
A meltable shield of frost defends you. (SH +4)
((You are partially covered in large bone plates. (SH +4)))
You are clumsy. (Dex -2)
You have hidden genetic potential.


Message History

You kill the bat!
No target in view!
No target in view!
You now have 100 gold pieces (gained 10).
You see here a +0 scale mail.
f - 2 scrolls labelled IMUMENAESS (gained 1)
A bat and a gnoll come into view.
The gnoll shouts!
There are monsters nearby!
There are monsters nearby!
The gnoll hits you with a +0 halberd!
There are monsters nearby!
You hit the gnoll.
The gnoll is moderately wounded.
The gnoll hits you with a +0 halberd.
Your blood congeals into armour.
There are monsters nearby!
You barely miss the gnoll.
The gnoll is moderately wounded.
The gnoll hits you with a +0 halberd. The gnoll closely misses you.
There are monsters nearby!
You closely miss the gnoll.
The gnoll is moderately wounded.
The gnoll hits you with a +0 halberd.
* * * LOW HITPOINT WARNING * * *
You barely miss the gnoll.
The gnoll is moderately wounded.
The gnoll hits you with a +0 halberd!
* * * LOW HITPOINT WARNING * * *
It was a potion of lignification.
You turn into a tree.
Your +0 helmet melds into your body.
Your +0 pair of boots melds into your body.
Your +0 ring mail melds into your body.
Your roots penetrate the ground.
Your blood armour dries and flakes away.
The gnoll hits you but does no damage.
It was a potion of mutation.
You feel extremely strange.
Large bone plates grow over parts of your arms.
You feel clumsy.
You feel a hidden potential growing inside you.
The gnoll hits you with a +0 halberd.
You die...

### #.. #.. #.#
#.. #b# #g# #♣#
#.## #..#
######## ##.#
###....... #.##
.........# #..#
#>........
##.###.#.#####.##
#...#.#+#####'##
#.#............#


You could see a gnoll and a bat.

Vanquished Creatures
  An adder (D:2)
  A worm (D:2)
  3 dart slugs (D:1)
  7 bats
  7 endoplasms
  A giant cockroach (D:1)
  3 goblins
  3 hobgoblins
  A quokka (D:2)
  4 ball pythons
  3 frilled lizards (D:1)
  2 kobolds
  3 rats (D:1)
39 creatures vanquished.

Notes
Turn   | Place    | Note
-------+----------+-------------------------------------------
     0 | D:1      | holysushi the Demonspawn Gladiator began the quest for the
                  | Orb.
     0 | D:1      | Reached XP level 1. HP: 16/16 MP: 1/1
    99 | D:1      | Reached skill level 3 in Axes
   130 | D:1      | Gained mutation: When seriously injured, your blood forms
                  | armour. (AC +0) [demonic ancestry]
   130 | D:1      | Reached XP level 2. HP: 21/22 MP: 2/2
   687 | D:1      | Gained mutation: A meltable shield of frost defends you.
                  | (SH +4) [demonic ancestry]
   687 | D:1      | Reached XP level 3. HP: 27/27 MP: 3/3
   835 | D:2      | Reached skill level 4 in Axes
  1136 | D:2      | You fall into a shaft and drop 1 floor!
  1460 | D:2      | HP: 1/27 [gnoll/+0 halberd (7)]
  1462 | D:2      | Gained mutation: You are partially covered in large bone
                  | plates. (SH +4) [potion of mutation]
  1462 | D:2      | Gained mutation: You are clumsy. (Dex -2) [potion of
                  | mutation]
  1462 | D:2      | Gained mutation: You have hidden genetic potential. [potion
                  | of mutation]
  1462 | D:2      | Slain by a gnoll

Illustrated notes

Levels and vault maps discovered:
D:1:      lightli_arrival_windingriver, layout_basic
D:2:      minmay_wonky_spiral, layout_basic
D:3:      layout_basic, gammafunk_ghost_cemetery,
          chequers_serial_rivers_micro_c, minmay_misc_feat_columns,
          roderic_lattice_a, minmay_goblin_kobold_house

Skill      XL: |  1  2  3 |
---------------+----------+-----
Axes           | 3 4 |  4.3
Fighting       | |  2.0
Throwing       | |  1.7
Dodging        | |  2.6

Action                     || total
---------------------------++-------
  Melee: War axe           ||    95
    Use: Potion            ||     2
 Armour: Leather armour    ||     8
         Ring mail         ||    35
         Skin              ||     1
  Dodge: Dodged            ||    53
  Block: Other             ||    14

Table legend: (Time is in decaauts)
 A = Elapsed time spent in this place.
 B = Non-inter-level travel time spent in this place.
 C = Inter-level travel time spent in this place.
 D = Time resting spent in this place.
 E = Time spent auto-exploring this place.
 F = Levels seen in this place.
 G = Mean time per level.
                   A        B        C        D        E       F      G
               +--------+--------+--------+--------+--------+-----+--------+
         Total |   1492 |   1435 |     57 |      0 |   1136 |   3 |  497.3 |
       Dungeon |   1492 |   1435 |     57 |      0 |   1136 |   3 |  497.3 |
               +--------+--------+--------+--------+--------+-----+--------+

Top non-repeatable levels by time:
     D:1: 817 daAuts
     D:2: 586 daAuts
     D:3: 89 daAuts
